 Dungeon Crawl Stone Soup version 0.31-a0-971-g75a2e9a4b4 (webtiles) character file.

Game seed: 11804615424625733342

101 Arzdou the Ruffian (level 4, -1/29 HPs)
             Began as an Octopode Shapeshifter on Oct 28, 2023.
             Shot with a sling bullet by a goblin (6 damage)
             ... led by Robin
             ... on level 2 of the Dungeon.
             The game lasted 00:01:53 (1023 turns).

Arzdou the Ruffian (Octopode Shapeshifter)          Turns: 1023, Time: 00:01:54

Health: -1/29      AC:  1    Str: 15    XL:     4   Next: 75%
Magic:  4/4        EV: 13    Int: 12    God:
Gold:   70         SH:  0    Dex: 11    Spells: 3/3 levels left

rFire   . .          .
                       - Unarmed
rCold   . . .        (no shield)
rNeg    . . .        (helmet currently unavailable)
rPois   +            d - amulet of regeneration
rElec   .            a - ring of poison resistance
rCorr   .            (no ring)
SInv    .            (no ring)
Will    .....        (no ring)
Stlth   ++           (no ring)
HPRegen 1.04/turn    (no ring)
MPRegen 0.09/turn    (no ring)
                     (no ring)

%: no passive effects
@: lethally poisoned (-1 -> -1), beast-form
A: beast (slay +2), almost no armour, amphibious, 8 rings, camouflage 1,
gelatinous body 1, (nimble swimmer 1), tentacles
a: Begin Untransformation


You were on level 2 of the Dungeon.
You were a hulking beast.
You visited 1 branch of the dungeon, and saw 2 of its levels.

You collected 70 gold pieces.

Inventory:

Jewellery
 a - a ring of poison resistance (left tentacle)
 d - an amulet of regeneration (around mantle)
Talismans
 b - a beast talisman
 c - a flux talisman
Scrolls
 e - a scroll of acquirement {unknown}
 f - 2 scrolls of teleportation {unknown}
 g - 2 scrolls of identify {unknown}
 j - a scroll of silence {unknown}
Potions
 h - a potion of enlightenment {unknown}
 k - a potion of might {unknown}
 l - a potion of attraction {unknown}


   Skills:
 + Level 2.2 Fighting
 + Level 2.9 Dodging
 + Level 3.7 Unarmed Combat
 + Level 3.5 Shapeshifting


You had 3 spell levels left.
You didn't know any spells.
Your spell library was empty.

Dungeon Overview and Level Annotations

Branches:
Dungeon (2/15)

Altars:

Annotations:
D:2 Robin


Innate Abilities, Weirdness & Mutations

You are a hulking beast.
Your limbs bulge with bestial killing power. (Slay +2)
You cannot wear most types of armour.
You are amphibious.
You can wear up to eight rings at the same time.
Your skin changes colour to match your surroundings (Stealth+).
Your rubbery body absorbs attacks. (AC +1, EV +1)
((You are camouflaged when in or above water. (Stealth+)))
You have tentacles for arms and can constrict up to eight enemies at once.


Message History

You tentacle-slap the goblin. You grab the goblin.
The goblin is heavily wounded.
You constrict the goblin. Robin throws the goblin at you!
The goblin hits you with a +0 club.
The goblin struggles to escape constriction.
You completely miss the goblin.
The goblin is almost dead.
You constrict the goblin.
You kill the goblin!
Robin throws the goblin at you! The goblin barely misses you. x2
You tentacle-slap the goblin.
You kill the goblin!
Robin hits you from afar with a +3 spear of venom.
You are poisoned.
The goblin closely misses you.
You are too injured to fight recklessly!
You are too injured to fight recklessly!
You closely miss the goblin. Your grab misses the goblin.
You feel sick. Robin hits you but does no damage.
You are more poisoned.
The goblin hits you with a +0 club.
You feel very sick. Robin misses you. The goblin barely misses you.
Things that are here:
a +0 dagger; a hobgoblin corpse You feel sick.
Okay, then.
You feel sick. Robin throws the goblin at you! The goblin closely misses you.
You feel sick. The goblin attacks as it pursues you! The goblin misses you. x2
You feel sick. The goblin attacks as it pursues you!
The goblin barely misses you.
You feel sick.
The goblin no longer looks unusually strong.
Robin roars a battlecry!
The goblin goes into a battle-frenzy!
The goblin unwields a +0 club.
The goblin wields a +0 sling.
The goblin shoots a sling bullet.
The sling bullet barely misses you.
You feel sick.
You feel sick.
The goblin shoots a sling bullet.
The sling bullet hits you.
You die...

##.## ... #.>.# # #..
#...# .. .#####..##
#...# ....
.$......######...# .....
#.####..##........
......#.##...>..........
......#<.......?........
.......h..#.#.#.#.#.....
.....##...........#.....
### ##.g#.#.#.#.#.....
#....g.....#.....
#..#.#.#)#.......
#..g...))...##.##
.####..#[#.#)#.###.##
$.....................
########..........####


You could see Robin and 2 goblins.

Vanquished Creatures
  Natasha (twice) (D:2)
  An adder (D:2)
  3 dart slugs
  5 endoplasms (D:1)
  A giant cockroach (D:1)
  10 goblins
  2 hobgoblins (D:2)
  A quokka (D:1)
  2 bats
  5 kobolds (D:1)
  3 rats
35 creatures vanquished.

Notes
Turn   | Place    | Note
-------+----------+-------------------------------------------
     0 | D:1      | Arzdou the Octopode Shapeshifter began the quest for the
                  | Orb.
     0 | D:1      | Reached XP level 1. HP: 13/13 MP: 1/1
   141 | D:1      | Reached XP level 2. HP: 18/18 MP: 2/2
   596 | D:1      | Reached XP level 3. HP: 23/23 MP: 3/3
   858 | D:2      | Noticed Natasha
   876 | D:2      | Killed Natasha
   924 | D:2      | Reached XP level 4. HP: 19/29 MP: 4/4
   965 | D:2      | Noticed Robin
   976 | D:2      | Noticed Natasha
   981 | D:2      | Killed Natasha
  1023 | D:2      | Shot with a sling bullet by a goblin

Illustrated notes

Levels and vault maps discovered:
D:1:      dpeg_arrival_pits, layout_loops_ring, serial_glass, glass_columns_a,
          glass_columns_a
D:2:      layout_loops_cross, serial_glass, glass_columns_b, glass_columns_b,
          glass_columns_a, glass_columns_a, glass_columns_a, glass_columns_b,
          glass_columns_a, glass_columns_c, glass_columns_c, glass_columns_c,
          item_on_display_a, minmay_split_cup_large, uniq_crazy_yiuf_cottage,
          uniq_terence, uniq_robin, uniq_natasha

Skill      XL: |  1  2  3  4 |
---------------+-------------+-----
Fighting       | 2 |  2.2
Dodging        | |  2.9
Unarmed Combat | |  3.7
Shapeshifting  | |  3.5

Action                     |  1- 3 |  4- 6 || total
---------------------------+-------+-------++-------
  Melee: Unarmed           |    46 |    16 ||    62
         Tentacles         |     6 |     6 ||    12
         Constrict         |     6 |     5 ||    11
    Use: Potion            |     2 |       ||     2
   Stab: Sleeping          |     6 |       ||     6
         Invisible         |     2 |       ||     2
 Armour: Skin              |    29 |    10 ||    39
  Dodge: Dodged            |    20 |    18 ||    38

Table legend: (Time is in decaauts)
 A = Elapsed time spent in this place.
 B = Non-inter-level travel time spent in this place.
 C = Inter-level travel time spent in this place.
 D = Time resting spent in this place.
 E = Time spent auto-exploring this place.
 F = Levels seen in this place.
 G = Mean time per level.
                   A        B        C        D        E       F      G
               +--------+--------+--------+--------+--------+-----+--------+
         Total |   1027 |   1018 |      9 |     34 |    778 |   2 |  513.5 |
       Dungeon |   1027 |   1018 |      9 |     34 |    778 |   2 |  513.5 |
               +--------+--------+--------+--------+--------+-----+--------+

Top non-repeatable levels by time:
     D:1: 762 daAuts
     D:2: 264 daAuts
